 Dungeon Crawl Stone Soup version 0.18.1-48-g4cf74bf (webtiles) character file.

115 juanjsm the Digger (level 5, -3/28 HPs)
             Began as a Gargoyle Earth Elementalist on June 30, 2016.
             Killed by divine providence
             ... invoked by an orc priest
              (7 damage)
             ... on level 3 of the Dungeon.
             The game lasted 00:25:21 (2230 turns).

juanjsm the Digger (Gargoyle Earth Elementalist)    Turns: 2230, Time: 00:25:22

Health: -3/28      AC:  8    Str: 16    XL:     5   Next: 0%
Magic:  7/10       EV: 12    Int: 17    God:
Gold:   116        SH:  0    Dex: 10    Spells: 2 memorised, 7 levels left

rFire  + . .     SeeInvis .     b - 10 stones
rCold  + . .     Gourm    .     a - +0 robe
rNeg   + . .     Faith    .     (no shield)
rPois  ∞         Spirit   .     (no helmet)
rElec  +         Dismiss  .     (no cloak)
rCorr  +         Reflect  .     (no gloves)
SustAt .         Harm     .     r - +0 pair of boots
MR     .....                    (no amulet)
Stlth  ++........               (no ring)
                                (no ring)

@: mighty, resistant, very slightly contaminated, not resistant to hostile
enchantments, unstealthy
A: rugged brown scales 1, negative energy resistance 1, electricity resistance,
unbreathing, petrification resistance, rot immunity, AC +4
a: no special abilities


You were on level 3 of the Dungeon.
You were not hungry.

You visited 1 branch of the dungeon, and saw 3 of its levels.

You collected 116 gold pieces.

Inventory:

Missiles
 b - 10 stones (in hand)
Armour
 a - a +0 robe (worn)
 m - a +0 robe of fire resistance
 p - a +0 buckler
 r - a +0 pair of boots (worn)
Jewellery
 h - a +1 ring of evasion {unknown}
 o - an uncursed ring of poison resistance {unknown}
Scrolls
 f - 2 scrolls of blinking
 j - 3 scrolls of enchant weapon {unknown}
 n - a scroll of identify {unknown}
 q - 3 scrolls of noise {unknown}
 u - a scroll of magic mapping {unknown}
Potions
 k - a potion of magic
 t - a potion of cancellation
Books
 c - a book of Geomancy

   Spells                             Type                      Level
   a - Sandblast                      Earth                        1
   b - Passwall                       Transmutation/Earth          2
   c - Stone Arrow                    Conjuration/Earth            3
   d - Petrify                        Transmutation/Earth          4
   e - Lee's Rapid Deconstruction     Earth                        5
Comestibles
 d - 2 bread rations
 i - 4 meat rations


   Skills:
 - Level 1.5 Dodging
 - Level 2.1 Stealth
 * Level 3.8 Spellcasting
 + Level 1.6 Conjurations
   Level 0.7 Transmutations
 + Level 4.3 Earth Magic


You had 7 spell levels left.
You knew the following spells:

 Your Spells              Type           Power        Failure   Level  Hunger
a - Sandblast             Erth           ###...       2%          1    None
b - Stone Arrow           Conj/Erth      ##....       17%         3    ###....


Dungeon Overview and Level Annotations

Branches:
Dungeon (3/15)

Altars:

Annotations:
D:3 Jessica; TBriggs11TB's ghost, amateur SpAs


Innate Abilities, Weirdness & Mutations

You are resistant to torment.
Your stone body is resilient (AC +4).
You are immune to poison.
You resist negative energy.
You are resistant to electric shocks.
You can survive without breathing.
You are immune to petrification.
You are immune to rotting.
You are partially covered in rugged brown scales (AC +1, +3% HP).


Message History

The bat hits you but does no damage. The bat barely misses you.
The bat misses you. The bat closely misses you.
The bat hits you but does no damage. The bat misses you.
The bat barely misses you. The bat hits you but does no damage.
The bat closely misses you. The bat hits you.
* * * LOW HITPOINT WARNING * * *
The bat closely misses you. The bat hits you but does no damage.
The bat barely misses you. The bat hits you but does no damage.
The bat barely misses you. The bat closely misses you. The bat misses you.
The orc priest casts a cantrip, but nothing happens.
There is an open door here.
The bat misses you.
An orc wizard comes into view. It is wielding a dagger.
The bat misses you. The bat closely misses you.
The orc priest invokes the aid of Beogh against you.
Beogh smites you!
You die...

#..... ...#
+..... '...+ .
#.....##...#.#
+..........#.###
....=........
.........#
#.......#
#.@.....#
#.b.....#
###'#o#.# #.#.#
#.#.# #o#.#
#o#.#
#.#.#######
#.#oW.....#


You could see an orc priest, an orc wizard (wandering), an orc and a bat.

Vanquished Creatures
  6 adders (D:2)
  2 worms (D:2)
  A dart slug (D:2)
  5 giant geckos
  2 orcs (D:3)
  5 bats
  9 giant cockroaches
  3 goblins
  5 hobgoblins
  A kobold (D:3)
  A quokka (D:2)
  A giant newt (D:2)
  4 rats
45 creatures vanquished.

Notes
Turn   | Place    | Note
--------------------------------------------------------------
     0 | D:1      | juanjsm the Gargoyle Earth Elementalist began the quest for the Orb.
     0 | D:1      | Reached XP level 1. HP: 10/10 MP: 3/3
   461 | D:1      | Reached XP level 2. HP: 8/15 MP: 0/5
   847 | D:1      | You fall through a shaft!
   850 | D:2      | Reached XP level 3. HP: 19/19 MP: 4/7
   855 | D:2      | Learned a level 3 spell: Stone Arrow
   894 | D:1      | Reached skill level 4 in Earth Magic
  1252 | D:2      | Reached XP level 4. HP: 24/24 MP: 5/9
  1253 | D:2      | Reached skill level 1 in Conjurations
  1933 | D:3      | Noticed Jessica
  1999 | D:3      | Noticed TBriggs11TB's ghost (amateur SpAs)
  2204 | D:3      | Gained mutation: You are partially covered in rugged brown scales (AC +1, +3% HP). [potion of beneficial mutation]
  2217 | D:3      | Reached XP level 5. HP: 4/28 MP: 5/10
  2230 | D:3      | Killed from afar by an orc priest

Skill      XL: |  1  2  3  4 |
---------------+-------------+-----
Spellcasting   | 3 |  3.8
Earth Magic    | 4 |  4.3
Conjurations   | 1 |  1.6
Dodging        | |  1.5
Stealth        | |  2.1
Transmutations | |  0.7

Action                   |  1- 3 |  4- 6 || total
-------------------------+-------+-------++-------
Melee: Unarmed           |     2 |     8 ||    10
 Cast: Sandblast         |    57 |    78 ||   135
  Use: Potion            |       |     5 ||     5
       Scroll            |       |     1 ||     1
  Eat: Chunk             |     1 |     3 ||     4
Armor: Robe              |    18 |    42 ||    60
Dodge: Dodged            |    21 |    77 ||    98
